[Event "*** Titled Tuesday 3|2 Blitz"]
[Site "Chess.com"]
[Date "2016.01.05"]
[Round "7"]
[White "swayamsm"]
[Black "Vorenus_Lucius"]
[Result "1-0"]
[WhiteElo "2562"]
[BlackElo "2452"]
[TimeControl "180+2"]
[EndTime "12:27:50 PST"]
[Termination "swayamsm won on time"]

1. d4 Nf6 2. c4 e6 3. Nc3 Bb4 4.
e3 O-O 5. Ne2 d5 6. a3 Be7 7.
cxd5 exd5 8. h3 c5 9. dxc5 Bxc5 10. g4 Nc6 11. Bg2 Be6 12. O-O Qe7 13. b4 Bb6 14.
Bb2 Rad8 15. Nb5 h5 16. g5 Ne4 17. Nf4 Qxg5 18. Qxh5 Qxh5 19. Nxh5 f6 20. Nf4 Bf7 21. Rfd1 a6 22. Nd4 Ne5 23. Nf5 Rfe8 24. Rac1 Kf8 25.
Bd4 Bxd4 26. Nxd4 Nc4 27. Rd3 g5 28. Nfe6+ Bxe6 29. Nxe6+ Rxe6 30. Rxc4 dxc4 31. Rxd8+ Ke7 32. Rd4 Nd6 33. Bd5 Re5 34. Bxc4 Nxc4 35. Rxc4 Kd7 36. Kg2 a5 37. Kg3 axb4 38. axb4 Ke6 39. Kg4 b5 40. Rd4 Kf7 41. e4 Kg6 42. f3 Re7 43. Rd5 Rc7 44. Rxb5 Rc1 45. Kg3 Rg1+ 46. Kf2 Rh1 47. Kg2 Rb1 48.
Rb6 Rb2+ 49. Kg3 Rb3 50. e5 Kf5 51. exf6 Kg6 52. Kf2 Kf7 53. Kg2 Kg6 54. Kg3 Rb1 55.
f4 Rb3+ 56. Kg4 gxf4 57. Kxf4 Rxh3 58. Ke5 Re3+ 59. Kd5 1-0

[Event "*** Titled Tuesday 3|2 Blitz"]
[Site "Chess.com"]
[Date "2016.01.05"]
[Round "7"]
[White "Rating-Schmating"]
[Black "nonsopolo1"]
[Result "1-0"]
[WhiteElo "2128"]
[BlackElo "2061"]
[TimeControl "180+2"]
[EndTime "12:27:55 PST"]
[Termination "Rating-Schmating won on time"]

1. e4 c5 2. Nf3 d6 3. d4 cxd4 4. Nxd4 Nf6 5. Nc3 g6 6. Be2 Bg7 7. Be3 O-O 8. O-O Nc6 9. a3 Bd7 10. f3 Rc8 11. Ndb5 a6 12. Nd4 Ne5 13. Bf2 Nc4 14.
Rb1 b5 15. Na2 Nh5 16. Nb4 a5 17. Nd5 a4 18. Ne3 Ne5 19. Bxb5 Nf4 20. Bxd7 Qxd7 21.
Nd5 Nxd5 22. exd5 Qb7 23. Ne2 Nc4 24. c3 Qb5 25. Qd3 Qa5 26. Rfd1 Ne5 27. Qe4 Rb8 28. Nd4 Rfc8 29. Nc6 Nxc6 30. dxc6 Rc7 31. Bd4 Bf8 32. f4 Qa6 33. f5 Qxc6 34. Qg4 Qd7 35. Rf1 Rb5 36. Be3 Qc8 37. Qxa4 Rxf5 38. Rxf5 Qxf5 39. Rf1 Qd3 40. Qd4 Qxd4 41. Bxd4 Rb7 42. b4 Rc7 43. Rc1 e5 44. Be3 d5 45. a4 d4 46. cxd4 Rxc1+ 47. Bxc1 Bxb4 48. dxe5 1-0

[Event "*** Titled Tuesday 3|2 Blitz"]
[Site "Chess.com"]
[Date "2016.01.05"]
[Round "7"]
[White "BahadirOzen"]
[Black "Hikaru"]
[Result "0-1"]
[WhiteElo "2482"]
[BlackElo "2897"]
[TimeControl "180+2"]
[EndTime "12:28:01 PST"]
[Termination "Hikaru won by resignation"]

1. d4 Nf6 2. Nf3 g6 3. g3 Bg7 4. Bg2 d5 5. O-O O-O 6. c4 c5 7. dxc5 Na6 8. Nc3 dxc4 9. Qxd8 Rxd8 10. c6 Nb4 11. Ne5 Nxc6 12. Nxc6 bxc6 13. Bxc6 Rb8 14.
Bf4 Rxb2 15. Rfd1 Rf8 16. Rac1 Bg4 17. f3 Be6 18. e4 Rc8 19. Nd5 Nxd5 20. exd5 Bh3 21.
Rxc4 Rg2+ 22. Kh1 Rxa2 23. Rdc1 Bg2+ 24. Kg1 Bxf3 25. d6 Bxc6 26. Rxc6 Rxc6 27. Rxc6 Bd4+ 28.
Kh1 exd6 29. Rxd6 Bb6 30. Be5 Bc7 31. Rd5 Bxe5 32. Rxe5 a5 33. Kg1 h5 34. Kf1 a4 35.
Ra5 Rxh2 36. Rxa4 Rb2 37. Ra6 Kg7 38. Ra5 Kh6 39. Rc5 f5 40. Rc4 Kg5 41. Kg1 Re2 42. Rb4 Re4 43. Rb2 f4 44. Kg2 fxg3 45. Kxg3 h4+ 46.
Kf3 Rf4+ 47. Kg2 Kg4 48. Kh2 g5 49. Rg2+ Kh5 50. Rb2 Rf3 51. Rb8 Rf2+ 52. Kg1 Ra2 53. Rb4 h3 54. Kh1 g4 55. Rb8 g3 56. Rb5+ Kg4 57. Rb1 Kf5 58. Kg1 Ke5 59. Rb5+ Kd4 60. Kf1 h2 61. Rh5 g2+ 0-1

[Event "*** Titled Tuesday 3|2 Blitz"]
[Site "Chess.com"]
[Date "2016.01.05"]
[Round "7"]
[White "stefanodinn"]
[Black "kikydu96"]
[Result "1/2-1/2"]
[WhiteElo "2157"]
[BlackElo "2228"]
[TimeControl "180+2"]
[EndTime "12:28:18 PST"]
[Termination "Game drawn - insufficient material"]

1. e4 e5 2. Nf3 Nc6 3. Bc4 Nf6 4.
d3 Bc5 5. c3 d6 6. O-O a6 7.
Bb3 Ba7 8. h3 h6 9. Re1 Ne7 10.
Nbd2 Ng6 11. Nf1 O-O 12. Ng3 Be6 13. d4 Bxb3 14. Qxb3 b5 15. Be3 Qe7 16. Rad1 c5 17. Nf5 Qc7 18. dxe5 dxe5 19. Qc2 Rad8 20. g4 Nf4 21.
Bxf4 exf4 22. e5 Nd5 23. Qe4 Ne7 24. Qxf4 Ng6 25. Qe4 Rfe8 26. Rxd8 Qxd8 27. Nd6 Re6 28. Qb7 Re7 29. Qxa6 Bb8 30. Nf5 Re6 31. Qxb5 Nxe5 32. Nxe5 Bxe5 33. Re3 Qd1+ 34. Qf1 Qd5 35. Qe2 g6 36.
Nxh6+ Kg7 37. g5 Bf4 38. Rxe6 fxe6 39. h4 e5 40. a4 Qa2 41. Ng4 Qxa4 42. Nxe5 Qe8 43.
b4 Qxe5 44. Qxe5+ Bxe5 45. bxc5 Bxc3 46. Kg2 Be1 47. c6 Ba5 48. Kg3 Bc7+ 49. Kg4 Kf7 50. f4 Ke6 51. h5 gxh5+ 52. Kxh5 Bxf4 53. g6 Kf6 54. g7 Kxg7 55. c7 Bxc7 1/2-1/2

[Event "*** Titled Tuesday 3|2 Blitz"]
[Site "Chess.com"]
[Date "2016.01.05"]
[Round "7"]
[White "TheLancer"]
[Black "GeorgMeier"]
[Result "0-1"]
[WhiteElo "2398"]
[BlackElo "2675"]
[TimeControl "180+2"]
[EndTime "12:28:25 PST"]
[Termination "GeorgMeier won on time"]

1. e4 e6 2. d4 d5 3. Nc3 dxe4 4.
Nxe4 Nd7 5. Nf3 Ngf6 6. Nxf6+ Nxf6 7. Be3 Bd6 8. Bd3 O-O 9. O-O b6 10. Ne5 Bb7 11. Bg5 h6 12. Bxf6 Qxf6 13. f4 Rad8 14. Qe2 c5 15. dxc5 Bxc5+ 16. Kh1 g6 17. Rad1 Rd4 18.
c3 Rd5 19. Be4 Rxd1 20. Rxd1 Bxe4 21. Qxe4 Rd8 22. Rxd8+ Qxd8 23. Qe2 Qd5 24. b3 Bd6 25. h3 g5 26. Ng4 Kg7 27. fxg5 hxg5 28. Qf3 Qxf3 29.
gxf3 f5 30. Ne3 Be5 31. c4 Kf6 32. Kg2 a5 33. Kf1 Bd4 34. Ke2 Ke5 35. Ng2 Bc5 36. Kd3 Kf6 37. Ke2 Bg1 38. Kf1 Bd4 39. Ke2 Bc5 40. Kd3 Ke5 41. Ke2 Kd4 42. f4 gxf4 43.
Nxf4 Ke5 44. Nd3+ Kf6 45. Nf4 e5 46. Nd3 Bd6 0-1

[Event "*** Titled Tuesday 3|2 Blitz"]
[Site "Chess.com"]
[Date "2016.01.05"]
[Round "7"]
[White "Zlatan56"]
[Black "Anton_Demchenko"]
[Result "0-1"]
[WhiteElo "2584"]
[BlackElo "2684"]
[TimeControl "180+2"]
[EndTime "12:28:32 PST"]
[Termination "Anton_Demchenko won by resignation"]

1. Nf3 Nf6 2. g3 g6 3. b3 Bg7 4.
Bb2 O-O 5. Bg2 d6 6. d4 Nbd7 7. O-O Re8 8. Nbd2 e5 9. dxe5 Ng4 10. Nc4 Ngxe5 11. Nfxe5 Nxe5 12. Nxe5 Bxe5 13. Bxe5 dxe5 14.
Qxd8 Rxd8 15. Rfd1 Re8 16. b4 Rb8 17. a4 Bf5 18. a5 Kf8 19. c3 f6 20. Rd2 Ke7 21.
Rad1 Be6 22. f4 exf4 23. gxf4 b6 24. Ra1 Red8 25. axb6 axb6 26. Rd4 Rxd4 27. cxd4 f5 28. Rc1 Kd7 29. Kf2 b5 30. d5 Bf7 31. Rc5 Rb6 32.
h4 Kd6 33. Bf3 Be8 34. Rc3 Ra6 35. Ke3 Ra4 36. Rb3 Bf7 37. Rc3 Rxb4 38. Rc6+ Kd7 39. h5 Ra4 40. Rf6 Ke7 41. Rc6 Ra7 42. Kd4 b4 43.
Rc2 Kd7 44. Rb2 Rb7 45. h6 Kd6 46. Rb3 Rb5 47. Kc4 Rb6 48. Rb2 b3 49. Kd4 Rb5 50. e4 fxe4 51. Bxe4 Rb4+ 52. Ke3 Bxd5 53. Bxg6 hxg6 54.
h7 Rb8 55. f5 gxf5 56. Kf4 c5 0-1

[Event "*** Titled Tuesday 3|2 Blitz"]
[Site "Chess.com"]
[Date "2016.01.05"]
[Round "7"]
[White "LyonBeast"]
[Black "Keranke"]
[Result "1/2-1/2"]
[WhiteElo "2775"]
[BlackElo "2616"]
[TimeControl "180+2"]
[EndTime "12:28:39 PST"]
[Termination "Game drawn by agreement"]

1. Nf3 g6 2. g3 Bg7 3. d4 Nf6 4. Bg2 O-O 5. O-O d6 6. c4 c6 7. Nc3 Bf5 8. Qb3 Qb6 9. Qa3 a5 10. b3 Ne4 11. Bb2 Qb4 12. Qxb4 axb4 13. Nxe4 Bxe4 14.
Ne1 Bxg2 15. Kxg2 c5 16. Nd3 b6 17. e3 Nc6 18. Rfd1 Ra7 19. Rd2 Rfa8 20. Rad1 Rxa2 21. d5 Na5 22. Bxg7 Rxd2 23. Rxd2 Kxg7 24. Ra2 Kf8 25. e4 Ke8 26. f4 Kd7 27. e5 Kc7 28. Kf2 Kb7 29.
Nc1 b5 30. cxb5 Kb6 31. exd6 exd6 32. Re2 c4 33. bxc4 Nxc4 34. Re7 Ra1 35. Nb3 Ra3 36.
Nd4 Kc5 37. b6 Nxb6 38. Nc2 Ra2 39. Rc7+ Kb5 40. Kf3 Nxd5 41. Nd4+ Kb6 42. Rc6+ Kb7 43. Rxd6 Nb6 44. Rf6 Rxh2 45. Rxf7+ Ka6 46. g4 Nc4 47.
Rc7 Nd2+ 48. Ke3 b3 49. Nxb3 Nxb3 50. f5 gxf5 51. gxf5 Kb6 52. Rg7 Nc5 53. f6 Kc6 54. f7 Nd7 55. Rg8 1/2-1/2

[Event "*** Titled Tuesday 3|2 Blitz"]
[Site "Chess.com"]
[Date "2016.01.05"]
[Round "7"]
[White "DaPazz"]
[Black "levallem"]
[Result "0-1"]
[WhiteElo "1864"]
[BlackElo "2144"]
[TimeControl "180+2"]
[EndTime "12:28:47 PST"]
[Termination "levallem won on time"]

1. d4 d5 2. Nf3 Nf6 3. c4 dxc4 4. Qa4+ Nbd7 5. Qxc4 e6 6. g3 c5 7. Bg2 Nb6 8. Qd3 Be7 9. O-O O-O 10. b3 Nfd5 11. Bb2 Bf6 12. a3 Bd7 13. e4 Nc7 14. e5 Be7 15. dxc5 Bxc5 16. b4 Be7 17. Rd1 Ba4 18. Qxd8 Raxd8 19. Rxd8 Rxd8 20. Nc3 Bc6 21. Rd1 Rxd1+ 22.
Nxd1 Nc4 23. Bc1 b6 24. Ne3 Nxe3 25. Bxe3 Nb5 26. a4 Nc3 27. a5 Bxb4 28. axb6 axb6 29.
Bxb6 Kf8 30. Nd4 Bxg2 31. Kxg2 Nd5 32. Ba7 g5 33. h3 Kg7 34. Kf3 Kg6 35. Nc6 Bc3 36.
Bd4 Bd2 37. g4 h5 38. gxh5+ Kxh5 39. Nd8 Kg6 40. Nb7 Nf4 41. Kg4 Nd3 42. Nd6 Bf4 43. h4 gxh4 44. Kxh4 Bxe5 45. Bxe5 Nxe5 46. f4 Nd3 47.
Kg4 f5+ 48. Kf3 Kf6 49. Ne8+ Ke7 50. Ng7 Nc5 51. Ke3 Ne4 52. Kd4 Kf7 53. Nh5 Kg6 54. Ke5 Kxh5 55. Kxe6 Kg4 0-1

[Event "*** Titled Tuesday 3|2 Blitz"]
[Site "Chess.com"]
[Date "2016.01.05"]
[Round "7"]
[White "THORK"]
[Black "Quiet_Desperation"]
[Result "1-0"]
[WhiteElo "2155"]
[BlackElo "2101"]
[TimeControl "180+2"]
[EndTime "12:28:53 PST"]
[Termination "THORK won by resignation"]

1. e3 e5 2. c4 Nc6 3. Nc3 Nf6 4. Nf3 Be7 5. a3 a5 6. Qc2 O-O 7. Nd5 d6 8. Nxe7+ Qxe7 9. d3 Bg4 10. Be2 Nd7 11.
b3 f5 12. h3 Bh5 13. Nxe5 Qxe5 14. Bb2 Qe7 15. Bxh5 f4 16. e4 Qg5 17. Bf3 Nde5 18. d4 Nxf3+ 19. gxf3 Qh5 20. Qd3 Rae8 21. O-O-O Qh4 22.
Qd2 a4 23. b4 Ne7 24. Rdg1 Rf7 25. Rg4 Qh6 26. h4 c6 27. h5 d5 28. cxd5 cxd5 29. Kb1 Qe6 30. Rhg1 dxe4 31. d5 Nxd5 32. Rxg7+ Rxg7 33. Rxg7+ Kf8 34. Qd4 exf3 35. Rxb7 Qe4+ 36. Qxe4 Rxe4 37. Rxh7 Re2 38. Rh8+ Kf7 39. Bd4 Rd2 40. Bc5 Nc3+ 41. Kc1 Re2 42. Bd4 Nb5 43. Rd8 Nxa3 44. h6 Kg6 45. Rd6+ Kh7 46. Rd5 Kxh6 47. Be5 Kg5 48. Bb2+ Kg4 49. Bxa3 Rxf2 50. b5 Ra2 51. Bc5 f2 52. Bxf2 Rxf2 53. b6 a3 54. Rb5 a2 55.
Ra5 a1=Q+ 56. Rxa1 Rf1+ 57. Kb2 Rxa1 58. b7 f3 59. b8=Q f2 60. Qg8+ Kf3 61. Qd5+ Ke2 62. Qe4+ Kd1 63. Qf3+ Ke1 64. Qe3+ Kf1 65. Kxa1 Kg2 66.
Qg5+ Kf1 67. Kb2 Ke2 68. Qe5+ Kf1 69. Kc2 Kg2 70. Qg5+ Kh2 71. Qf4+ Kg2 72. Qg4+ Kh2 73. Qe2 Kg1 74. Qe3 Kg2 75. Qg5+ Kh1 76. Qd5+ Kg1 77.
Qd4 Kg2 78. Qe4+ Kg1 79. Qe3 Kg2 80. Qe2 Kg1 81. Qg4+ Kh2 82. Qf3 Kg1 83. Qg3+ Kf1 84. Kd3 Ke1 85. Ke3 1-0

[Event "*** Titled Tuesday 3|2 Blitz"]
[Site "Chess.com"]
[Date "2016.01.05"]
[Round "7"]
[White "VSERGUEI"]
[Black "Lupul_Cenusiu"]
[Result "1/2-1/2"]
[WhiteElo "2415"]
[BlackElo "2378"]
[TimeControl "180+2"]
[EndTime "12:28:59 PST"]
[Termination "Game drawn by repetition"]

1. d4 Nf6 2. c4 g6 3. Nc3 Bg7 4. e4 d6 5. Nf3 O-O 6. Be2 c5 7. d5 Bg4 8. Ng1 Bxe2 9. Ngxe2 a6 10. a4 Nbd7 11. O-O Re8 12. b3 e6 13. dxe6 Rxe6 14. f3 Ne5 15. Bg5 h6 16. Bxf6 Bxf6 17. Nd5 Bg7 18. Qd2 Nc6 19. Rad1 Rb8 20. Ndf4 Rf6 21. Kh1 h5 22. Nd5 Re6 23. Nef4 Re8 24. Qd3 Ne5 25. Qe2 Nc6 26. Rfe1 Nd4 27. Qd3 b5 28. cxb5 axb5 29. Ne2 bxa4 30. Nxd4 Bxd4 31. bxa4 Rb2 32. Re2 Qb8 33.
a5 Kf8 34. a6 Qb3 35. Qxb3 Rxb3 36. Nc7 Rc8 37. a7 Ra3 38. Nb5 Ra6 39. g3 Rcc6 40.
Red2 Rcb6 41. Nxd4 cxd4 42. Rxd4 Rxa7 43. Rxd6 Rxd6 44. Rxd6 Ra2 45. h4 Rf2 46. Rd3 Ke7 47.
Kg1 Re2 48. Kf1 Ra2 49. Re3 Ke6 50. Re2 Ra1+ 51. Kf2 Rh1 52. Rd2 Rh2+ 53. Ke3 Rh1 54. Kf4 Kf6 55. Rd6+ Kg7 56. Rd3 Ra1 57. Ke5 Ra5+ 58.
Kd4 Ra4+ 59. Ke3 Ra5 60. f4 Ra4 61. Kf3 Rb4 62. e5 Ra4 63. Rd7 Ra3+ 64. Ke4 Ra4+ 65. Kd5 Ra5+ 66. Kd6 Ra3 67. e6 Ra6+ 68. Kd5 Rxe6 69.
Kd4 Re1 70. Rc7 Kf6 71. Rc5 Rg1 72. Rg5 Re1 73. Ra5 Re6 74. Rd5 Kg7 75. Re5 Ra6 76. Ke3 Kf6 77. Kf2 Ra2+ 78. Kf3 Ra3+ 79. Kf2 Ra2+ 80.
Kf3 Ra3+ 81. Kf2 Ra2+ 1/2-1/2

[Event "*** Titled Tuesday 3|2 Blitz"]
[Site "Chess.com"]
[Date "2016.01.05"]
[Round "7"]
[White "AlexanderL"]
[Black "Dlugy"]
[Result "1-0"]
[WhiteElo "2558"]
[BlackElo "2601"]
[TimeControl "180+2"]
[EndTime "12:29:00 PST"]
[Termination "AlexanderL won by checkmate"]

1. e4 c5 2. a3 g6 3. Bc4 Bg7 4. Qf3 e6 5. Ne2 Nc6 6. Ba2 Nge7 7. Nbc3 O-O 8. d3 d5 9. Bg5 d4 10. Nb1 h6 11. Bf6 Ne5 12. Bxe5 Bxe5 13. Nd2 Bg7 14. Qg3 Nc6 15. f4 b5 16. O-O Kh7 17. Nf3 f5 18. exf5 exf5 19. Rae1 Qf6 20. Bd5 Bd7 21. Ne5 Rad8 22. Nxd7 Rxd7 23. Qf3 Ne7 24. Ba2 Rfd8 25. g4 fxg4 26. Qxg4 Nf5 27. Ng3 Ne3 28. Rxe3 dxe3 29. f5 Re7 30. Ne4 Rxe4 31.
Qxe4 gxf5 32. Rxf5 Qg6+ 33. Kf1 Re8 34. Bf7 e2+ 35. Ke1 Qg1+ 36. Rf1+ Rxe4 37. Rxg1 Re7 38. Bg6+ Kh8 39. c3 b4 40. axb4 cxb4 41. d4 bxc3 42. bxc3 Rb7 43. Kxe2 Rb2+ 44. Kd3 Rxh2 45. Rb1 Rf2 46. Rb7 a6 47. Ra7 Rf6 48. Be4 h5 49. c4 h4 50. c5 Rf1 51. c6 Rd1+ 52. Ke2 Rxd4 53. Ra8+ Bf8 54. Rxf8+ Kg7 55. Re8 Rc4 56. Kd3 Rc1 57. Re5 h3 58. Rh5 a5 59.
Rxh3 a4 60. Rh7+ Kf6 61. Ra7 Rd1+ 62. Ke3 Ke5 63. Ra5+ Kd6 64. Rxa4 Re1+ 65. Kd2 Rg1 66. Rd4+ Kc7 67. Rd7+ Kc8 68. Rf7 Rg5 69. Bf5+ Kd8 70. c7+ Ke8 71. c8=Q+ Kxf7 72. Qe6+ Kg7 73. Qe7+ Kh8 74.
Qh7# 1-0

[Event "*** Titled Tuesday 3|2 Blitz"]
[Site "Chess.com"]
[Date "2016.01.05"]
[Round "7"]
[White "jk13"]
[Black "KNVB"]
[Result "1-0"]
[WhiteElo "2305"]
[BlackElo "2386"]
[TimeControl "180+2"]
[EndTime "12:29:16 PST"]
[Termination "jk13 won on time"]

1. e4 b6 2. d4 Bb7 3. Nc3 e6 4. Bd3 Bb4 5. Ne2 Ne7 6. O-O Nbc6 7. Be3 O-O 8. a3 Bxc3 9. Nxc3 f5 10. d5 exd5 11.
exd5 Ne5 12. Be2 f4 13. Bd4 N7g6 14. f3 d6 15. Qd2 a6 16. Rae1 Qd7 17. Rf2 Qf7 18.
Bf1 b5 19. Rfe2 Nc4 20. Qc1 Bxd5 21. Nxd5 Qxd5 22. Bc3 Qf7 23. b3 Ne3 24. Bd2 Nf5 25.
Re4 d5 26. R4e2 Nd4 27. Rf2 Rae8 28. Bd3 Rxe1+ 29. Qxe1 Re8 30. Qf1 Ne5 31. a4 c6 32.
h3 g5 33. Bc3 Nf5 34. Bxf5 Qxf5 35. Re2 Kf7 36. Qe1 Kf6 37. axb5 axb5 38. b4 Re6 39.
Bd4 h5 40. Qa1 g4 41. hxg4 hxg4 42. fxg4 Qg5 43. Qa8 Kf7 44. Qb7+ Re7 45. Qc8 Nf3+ 46. gxf3 Rxe2 47. Qxc6 Qe7 48. Qxd5+ Qe6 49. Qh5+ Ke7 50.
Qg5+ Kd6 51. Qxf4+ Kd5 52. Bf2 Rxc2 53. Qd4+ Kc6 54.
Qb6+ Kd7 55. Qxb5+ Qc6 56. Qf5+ Kc7 57. b5 Qc4 58. b6+ Kc6 59. Qc8+ Kb5 60. Qxc4+ Kxc4 61. Bg3 Rb2 62. Bc7 Kd3 63. g5 Ke3 64. f4 Kf3 65. f5 Rb1+ 66. Kh2 Rb2+ 67. Kh3 Rb1 68. g6 Rh1+ 69. Bh2 Rd1 70. g7 Rd8 71. Bc7 Re8 72. b7 Re7 73. g8=Q 1-0

[Event "*** Titled Tuesday 3|2 Blitz"]
[Site "Chess.com"]
[Date "2016.01.05"]
[Round "7"]
[White "GMCanty"]
[Black "oggy1984"]
[Result "1-0"]
[WhiteElo "2221"]
[BlackElo "2165"]
[TimeControl "180+2"]
[EndTime "12:29:20 PST"]
[Termination "GMCanty won by resignation"]

1. e4 c6 2. d4 d5 3. exd5 cxd5 4. Bd3 Nf6 5. c3 Qc7 6. Ne2 Nc6 7. Bf4 Qb6 8. b3 Bg4 9. O-O e6 10. Nd2 Be7 11. h3 Bh5 12. Re1 O-O 13. Rc1 Rac8 14. Nf1 Qa5 15. Qd2 Rfd8 16. Nfg3 Bg6 17. Bg5 Bxd3 18.
Qxd3 h6 19. Bxf6 Bxf6 20. a4 Qc7 21. Nh5 Be7 22. Nef4 Bd6 23. Qf3 Ne7 24. Qg4 g6 25. Nf6+ Kh8 26. Nd3 Nf5 27. Ne5 Bxe5 28. dxe5 d4 29.
c4 d3 30. Rcd1 Rd4 31. Qf3 Rcd8 32. g4 d2 33. Re2 Rd3 34. Qf4 g5 35. Qh2 Nd4 36.
Kf1 Nf3 37. Qg3 Qc6 38. Re3 Rxe3 39. fxe3 Nh4 40. Ke2 Ng2 41. Rxd2 Rxd2+ 42. Kxd2 Kg7 43. e4 Nf4 44. h4 Qc5 45. hxg5 hxg5 46. Nh5+ Nxh5 47.
gxh5 Kh6 48. Kc3 a5 49. Qh2 Qb4+ 50. Kc2 Qe1 51. Qg2 Qe3 52. Qg4 Qf2+ 53. Kd3 Qf1+ 54. Kd4 Qf2+ 55. Kc3 Qe1+ 56. Kd4 Qd2+ 57. Kc5 Qb4+ 58.
Kd4 Qd2+ 59. Kc5 Qb4+ 60. Kd4 Qxb3 61. c5 Qb4+ 62. Kd3 Qb3+ 63. Kd4 Qxa4+ 64. Ke3 Qa3+ 65. Kd4 Qb4+ 66. Kd3 Qxc5 67. Qg2 Qxe5 68. Qf3 f6 69. Kc4 b5+ 70. Kb3 a4+ 71. Kb4 f5 72. exf5 exf5 73. Qc6+ Kxh5 74. Qe8+ Kg4 75. Qxe5 f4 76. Qxb5 f3 77. Qf1 Kg3 78. Kxa4 f2 79. Kb3 Kf3 80. Kc2 g4 81. Kd2 g3 82. Qh3 1-0

[Event "*** Titled Tuesday 3|2 Blitz"]
[Site "Chess.com"]
[Date "2016.01.05"]
[Round "7"]
[White "MinhGTrAn"]
[Black "Matibar"]
[Result "0-1"]
[WhiteElo "2578"]
[BlackElo "2473"]
[TimeControl "180+2"]
[EndTime "12:29:22 PST"]
[Termination "Matibar won by resignation"]

1. d4 f5 2. Bf4 Nf6 3. e3 d6 4. Nf3 g6 5. c4 Bg7 6. Nc3 O-O 7. h3 c6 8. Be2 Kh8 9. O-O Be6 10. Bh2 Bg8 11.
b4 Nbd7 12. a4 Rc8 13. c5 Ne4 14. Qc2 dxc5 15. bxc5 Ndxc5 16. Be5 Nxc3 17. Qxc3 Ne6 18. Bxg7+ Nxg7 19. Ne5 f4 20. Bg4 Rc7 21. e4 Qd6 22. Rfd1 Qf6 23. a5 Be6 24. Bf3 Rfc8 25. Rac1 h5 26. Qc5 a6 27. Rb1 g5 28. Rb2 Bg8 29.
Rdb1 Ne6 30. Qc3 c5 31. dxc5 Rxc5 32. Ng6+ Kg7 33. Qxf6+ Kxf6 34. Bxh5 Bf7 35. e5+ Kg7 36. Rxb7 R8c7 37. Nxe7 Bxh5 38. R1b6 Rxb7 39. Rxb7 Rc7 40. Nf5+ Kg6 41. Ne7+ Kf7 42. Nc8 Rxb7 43. Nd6+ Ke7 44.
Nxb7 Kd7 45. g3 fxg3 46. fxg3 Kc6 47. Nd6 Kd5 48. g4 Bg6 49. Nc8 Kxe5 50. Kf2 Nf4 51. Kg3 Ne2+ 52. Kf2 Bd3 53. Ne7 Nf4 54. Kg3 Ke6 55.
Nc6 Ng6 56. Nb4 Bb5 57. Kf3 Ke5 58. Ke3 Nf4 59. Nc2 Nxh3 60. Nd4 Nf4 61. Nf3+ Kf6 62. Nd4 Nd5+ 63. Ke4 Nc7 64. Nb3 Bd7 65. Kf3 Bc6+ 66. Ke3 Ne6 67. Nd2 Bd5 68. Nb1 Ke5 69. Nc3 Nf4 70. Na4 Bc6 71. Nc5 Bb5 72. Ne4 Nd5+ 73. Kf3 Be2+ 0-1

[Event "*** Titled Tuesday 3|2 Blitz"]
[Site "Chess.com"]
[Date "2016.01.05"]
[Round "7"]
[White "APL2001"]
[Black "AndrewMcStone"]
[Result "1/2-1/2"]
[WhiteElo "2014"]
[BlackElo "1983"]
[TimeControl "180+2"]
[EndTime "12:30:05 PST"]
[Termination "Game drawn - insufficient material"]

1. e4 d5 2. exd5 Nf6 3. d4 Bg4 4. Be2 Bxe2 5. Qxe2 Qxd5 6. Nf3 Nc6 7. Be3 O-O-O 8. Nc3 Qh5 9. O-O-O e6 10. a3 Be7 11.
h3 Kb8 12. g4 Qa5 13. Qb5 Qxb5 14. Nxb5 Nd5 15. c4 Nb6 16. Bf4 Na8 17. d5 exd5 18.
cxd5 Na5 19. Rhe1 Rhe8 20. Kb1 a6 21. Nc3 Nc4 22. Ne5 Nxe5 23. Bxe5 f6 24. Bg3 Bd6 25.
Bxd6 cxd6 26. f4 Nb6 27. Re6 Nxd5 28. Rxe8 Nxc3+ 29. bxc3 Rxe8 30. Rxd6 Kc7 31. Rd3 Re4 32. Rf3 Kc6 33. Kc2 b5 34. f5 Kd5 35. Rd3+ Ke5 36.
Rd7 Re3 37. Rxg7 Rxh3 38. Ra7 Rh2+ 39. Kb3 Rg2 40. Rxa6 Rxg4 41. Rb6 Kxf5 42. Rxb5+ Kg6 43. a4 h5 44. a5 h4 45. a6 Rg1 46. Kb2 h3 47. a7 h2 48. a8=Q h1=Q 49. Qg8+ Kh6 50. Qh8+ Kg6 51. Qe8+ Kh6 52. Qe3+ Kg6 53. Qe8+ Kh6 54.
Qh8+ Kg6 55. Qxh1 Rxh1 56. c4 Rh8 57. Kc3 f5 58. c5 f4 59. Kd4 Rf8 60. c6 f3 61. Rb1 Kg5 62. Kd5 Kg4 63. Kd6 f2 64.
c7 Kg3 65. Ke7 Rc8 66. Kd7 Rxc7+ 67. Kxc7 Kg2 68. Rb2 Kg1 69. Rxf2 Kxf2 1/2-1/2

[Event "*** Titled Tuesday 3|2 Blitz"]
[Site "Chess.com"]
[Date "2016.01.05"]
[Round "8"]
[White "ZEN-22"]
[Black "jk13"]
[Result "0-1"]
[WhiteElo "2389"]
[BlackElo "2342"]
[TimeControl "180+2"]
[EndTime "12:32:13 PST"]
[Termination "jk13 won by checkmate"]

1. d3 e6 2. Nd2 d5 3. f4 Bc5 4.
Ngf3 Nf6 5. e4 Ng4 6. Nb3 Bf2+ 7. Ke2 Bb6 8. Qe1 dxe4 9. dxe4 Nf2 10. c4 Nxe4 11. Ne5 Nd7 12. Kf3 Nxe5+ 13. Kxe4 f5+ 14. Kxe5 Qf6# 0-1

[Event "*** Titled Tuesday 3|2 Blitz"]
[Site "Chess.com"]
[Date "2016.01.05"]
[Round "8"]
[White "GargleBlaster"]
[Black "AndrewMcStone"]
[Result "1-0"]
[WhiteElo "2256"]
[BlackElo "1980"]
[TimeControl "180+2"]
[EndTime "12:33:41 PST"]
[Termination "GargleBlaster won by resignation"]

1. e4 d5 2. exd5 Nf6 3. Nc3 Nxd5 4. Bc4 Nb6 5. Bb3 Nc6 6. Nf3 Bg4 7. Bxf7+ Kxf7 8.
Ng5+ Kg6 9. Qxg4 Qd4 10. Nce4 Ne5 11. Qe6+ Kh5 12. Ng3+ 1-0

[Event "*** Titled Tuesday 3|2 Blitz"]
[Site "Chess.com"]
[Date "2016.01.05"]
[Round "8"]
[White "chorejason"]
[Black "kikydu96"]
[Result "0-1"]
[WhiteElo "1886"]
[BlackElo "2230"]
[TimeControl "180+2"]
[EndTime "12:34:42 PST"]
[Termination "kikydu96 won by resignation"]

1. e4 e5 2. d4 exd4 3. c3 dxc3 4. Bc4 cxb2 5. Bxb2 d5 6. Bxd5 Nf6 7. Nc3 Nxd5 8.
Nxd5 Be6 9. Qb3 c6 10. Qxb7 cxd5 11. Qxa8 Bb4+ 12. Ke2 O-O 13. Rd1 Qa5 14. a3 Qb5+ 15. Kf3 Bd6 16. Rxd5 Qb3+ 17. Ke2 Qxb2+ 18. Rd2 Bc4+ 19.
Ke1 Qc1+ 20. Rd1 Qc3+ 21. Rd2 Bf4 22. Nf3 Rd8 0-1

[Event "*** Titled Tuesday 3|2 Blitz"]
[Site "Chess.com"]
[Date "2016.01.05"]
[Round "8"]
[White "TomsKantans"]
[Black "AndroQueen"]
[Result "1-0"]
[WhiteElo "2381"]
[BlackElo "2442"]
[TimeControl "180+2"]
[EndTime "12:34:45 PST"]
[Termination "TomsKantans won by resignation"]

1. e4 e6 2. c4 d5 3. cxd5 exd5 4.
exd5 Nf6 5. Nc3 Nxd5 6. Nf3 Be7 7. d4 O-O 8. Bd3 Nc6 9. O-O Bg4 10. h3 Bh5 11.
Bxh7+ Kxh7 12. Ng5+ Kg6 13. Qd3+ f5 14. Ne6 Nxc3 15.
Nxd8 Ne2+ 16. Kh1 Nxc1 17. Qg3+ Bg4 18. Nxc6 Ne2 19. Nxe7+ 1-0

[Event "*** Titled Tuesday 3|2 Blitz"]
[Site "Chess.com"]
[Date "2016.01.05"]
[Round "8"]
[White "pKiLz5Rn9b"]
[Black "TheLancer"]
[Result "1-0"]
[WhiteElo "2371"]
[BlackElo "2389"]
[TimeControl "180+2"]
[EndTime "12:35:49 PST"]
[Termination "pKiLz5Rn9b won by resignation"]

1. e4 c5 2. c3 g6 3. d4 cxd4 4. cxd4 d5 5. e5 Bg7 6. h3 Nc6 7. Nc3 Nh6 8. g4 f6 9. f4 O-O 10. Bg2 fxe5 11. fxe5 e6 12. Nf3 Nf7 13. Be3 Qb6 14. Qd2 Bd7 15. Na4 Qb4 16. Nc5 Qxd2+ 17.
Kxd2 Bc8 18. Rac1 h6 19. h4 Na5 20. b3 b6 21. Nd3 Ba6 22. g5 Bxd3 23. Kxd3 h5 24.
Bh3 Rfe8 25. Nd2 Kf8 26. Rhf1 Re7 27. Rf2 Ke8 28. Nb1 Nd8 29. Nc3 a6 30. Ne2 Nf7 31.
Nf4 Bxe5 32. Nxg6 Bg3 33. Rf3 e5 34. Nxe7 e4+ 35. Kd2 exf3 36. Nxd5 Nd6 37. Nc7+ Kf7 38. Nxa8 Ne4+ 39. Kd3 1-0

[Event "*** Titled Tuesday 3|2 Blitz"]
[Site "Chess.com"]
[Date "2016.01.05"]
[Round "8"]
[White "gumersindo"]
[Black "Malev212"]
[Result "0-1"]
[WhiteElo "2282"]
[BlackElo "2280"]
[TimeControl "180+2"]
[EndTime "12:35:58 PST"]
[Termination "Malev212 won by resignation"]

1. d4 Nf6 2. c4 g6 3. Nc3 Bg7 4. e4 d6 5. Nf3 O-O 6. Be2 Bg4 7.
Ng1 Bd7 8. Be3 Na6 9. h3 c5 10. d5 e6 11. Nf3 exd5 12. cxd5 Re8 13. Nd2 b5 14. Nxb5 Nxe4 15. Nxe4 Rxe4 16. Nc3 Rxe3 17. fxe3 Qh4+ 18. Kf1 c4 19. Qe1 Qg5 20. Qf2 Nc5 21. Qf4 Qe7 22. Bxc4 Rb8 23. Nd1 Rb4 24. Rc1 Nd3 25.
Bxd3 Rxf4+ 26. exf4 Qh4 27. Rc4 Qg3 28. Nf2 Bxb2 29. h4 h5 30. Be2 Kg7 31. Rc2 Bd4 32.
Bf3 Qxf4 33. Kg1 Bf5 34. Rc7 Qg3 0-1